 Dungeon Crawl Stone Soup version 0.27-a0-695-gb4952372f7 (webtiles) character file.

Game seed: 8175530607569568400

5 Adamkad1 the Skirmisher (level 1, 0/11 HPs)
             Began as a Vine Stalker Fighter on Mar 22, 2021.
             Slain by a hobgoblin
             ... wielding a +0 club
              (3 damage)
             ... on level 1 of the Dungeon.
             The game lasted 00:00:08 (77 turns).

Adamkad1 the Skirmisher (Vine Stalker Fighter)        Turns: 77, Time: 00:00:08

Health: 0/11       AC:  6    Str: 18    XL:     1   Next: 80%
Magic:  0/2        EV:  7    Int:  8    God:
Gold:   10         SH:  9    Dex: 13    Spells: 0/0 levels left

rFire    . . .     SeeInvis .   a - +0 flail
rCold    . . .     Faith    .   c - +0 kite shield
rNeg     . . .     Spirit   +   b - +0 scale mail
rPois    .         Reflect  .   (no helmet)
rElec    .         Harm     .   (no cloak)
rCorr    .         Rampage  .   (no gloves)
Will     .....                  (no boots)
Stlth    ..........             (no amulet)
HPRegen  0.03/turn              (no ring)
MPRegen  0.08/turn              (no ring)

@: no status effects
A: fangs 2, magic shield, antimagic bite, no potion heal 3
a: no special abilities


You were on level 1 of the Dungeon.
You visited 1 branch of the dungeon, and saw 1 of its levels.

You collected 10 gold pieces.

Inventory:

Hand Weapons
 a - a +0 flail (weapon)
Armour
 b - a +0 scale mail (worn)
 c - a +0 kite shield (worn)
Scrolls
 e - a scroll of fear {unknown}
 f - a scroll of teleportation {unknown}
Potions
 d - a potion of might


   Skills:
 + Level 2.8 Fighting
 + Level 1.9 Maces & Flails
 + Level 2.5 Armour
 + Level 2.7 Shields


You couldn't memorise any spells.
You didn't know any spells.
Your spell library was empty.

Dungeon Overview and Level Annotations

Branches:
Dungeon (1/15)

Altars:


Innate Abilities, Weirdness & Mutations

You have extremely sharp teeth.
When hurt, damage is shared between your health and your magic reserves.
Your bite disrupts and absorbs the magic of your enemies.
Potions cannot restore your health.


Message History

A goblin is nearby!
A goblin is nearby!
A goblin is nearby!
A bat and a rat come into view.
A hobgoblin comes into view.
You hit the goblin.
You kill the goblin!
The bat hits you but does no damage. x2
A hobgoblin comes into view. It is wielding a +0 club.
The hobgoblin moves out of view.
The bat hits you. The bat hits you but does no damage.
You hit the bat.
The bat is heavily wounded.
The bat hits you but does no damage.
A hobgoblin comes into view. It is wielding a +0 club.
The bat hits you but does no damage.
You thump the bat!
You kill the bat!
You block the hobgoblin's attack. You block the rat's attack.
The rat barely misses you.
The hobgoblin hits you but does no damage.
You barely miss the rat. The hobgoblin closely misses you. The rat bites you.
You closely miss the rat.
The hobgoblin hits you but does no damage.
The rat bites you but does no damage. You block the rat's attack.
The hobgoblin hits you with a +0 club.
You sock the rat!
You kill the rat!
The hobgoblin hits you with a +0 club. You block the hobgoblin's attack.
You are too injured to fight recklessly!
You are too injured to fight recklessly!
There is a stone staircase leading down here.
The hobgoblin hits you but does no damage.
You are too injured to fight recklessly!
You are too injured to fight recklessly!
You are too injured to fight recklessly!
You closely miss the hobgoblin. The hobgoblin hits you with a +0 club.
* * * LOW HITPOINT WARNING * * *
The hobgoblin hits you with a +0 club.
You die...

...#.#.#...#.....#
..#...#...#.#....#
.#...#...#...#...#
#.......#.....#..#
.......#.......#.#
................##
.##########.#########
........##..#
.......gg@.##
#######g####
......†.# ######.##
... ..... .g##... .
.... ##...


You could see 3 hobgoblins.

Vanquished Creatures
  A leopard gecko (D:1)
  A bat (D:1)
  A goblin (D:1)
  A rat (D:1)
4 creatures vanquished.

Notes
Turn   | Place    | Note
-------+----------+-------------------------------------------
     0 | D:1      | Adamkad1 the Vine Stalker Fighter began the quest for the
                  | Orb.
     0 | D:1      | Reached XP level 1. HP: 11/11 MP: 2/2
    77 | D:1      | Slain by a hobgoblin

Illustrated notes

Levels and vault maps discovered:
D:1:      matt_arrival_diagonals, layout_basic

Action                   || total
-------------------------++-------
Melee: Flail             ||    12
       Bite              ||     2
Armor: Scale mail        ||    10
Dodge: Dodged            ||     3
Block: Kite shield       ||    10

Table legend: (Time is in decaauts)
 A = Elapsed time spent in this place.
 B = Non-inter-level travel time spent in this place.
 C = Inter-level travel time spent in this place.
 D = Time resting spent in this place.
 E = Time spent auto-exploring this place.
 F = Levels seen in this place.
 G = Mean time per level.
                   A        B        C        D        E       F      G
               +--------+--------+--------+--------+--------+-----+--------+
         Total |     82 |     82 |      0 |      0 |     55 |   1 |   82.0 |
       Dungeon |     82 |     82 |      0 |      0 |     55 |   1 |   82.0 |
               +--------+--------+--------+--------+--------+-----+--------+

Top non-repeatable levels by time:
     D:1: 82 daAuts
